 Dungeon Crawl Stone Soup version 0.26-a0-651-gb41185065b (webtiles) character file.

Game seed: 8103543199009729721

154 Apogee the Grasshopper (level 5, -2/43 HPs)
             Began as a Gnoll Warper on Oct 14, 2020.
             Was an Initiate of Nemelex Xobeh.
             Slain by Grinder (6 damage)
             ... on level 3 of the Dungeon.
             The game lasted 00:04:25 (3570 turns).

Apogee the Grasshopper (Gnoll Warper)               Turns: 3570, Time: 00:04:25

Health: -2/43      AC:  5    Str: 14    XL:     5   Next: 35%
Magic:  12/12      EV: 11    Int: 15    God:    Nemelex Xobeh [......]
Gold:   153        SH:  0    Dex: 15    Spells: 14/14 levels left

rFire    . . .     SeeInvis +   a - +0 falchion
rCold    . . .     Faith    .   (no shield)
rNeg     . . .     Spirit   .   c - -2 scale mail (curse)
rPois    .         Reflect  .   (no helmet)
rElec    .         Harm     .   (no cloak)
rCorr    .         Rampage  .   k - +0 pair of gloves
MR       .....                  (no boots)
Stlth    ..........             e - amulet of magic regeneration
HPRegen  0.14/turn              z - ring of see invisible
MPRegen  0.38/turn              (no ring)

@: no status effects
A: distributed training, fangs 1, hooves 1, strong nose
a: Draw Escape, Draw Destruction, Draw Summoning, Renounce Religion


You were on level 3 of the Dungeon.
You worshipped Nemelex Xobeh.
Nemelex Xobeh was noncommittal.
You visited 1 branch of the dungeon, and saw 3 of its levels.

You collected 153 gold pieces.

Inventory:

Hand Weapons
 a - a +0 falchion (weapon)
Missiles
 g - 5 boomerangs of dispersal (quivered) {!f}
Armour
 b - a +0 leather armour
 c - a cursed -2 scale mail (worn)
   (You found it on level 1 of the Dungeon)
 h - a +0 buckler
   (You found it on level 1 of the Dungeon)
 k - a +0 pair of gloves (worn)
   (You found it on level 3 of the Dungeon)
 p - a +1 chain mail
   (You found it on level 3 of the Dungeon)
 q - a +0 pair of boots
   (You found it on level 3 of the Dungeon)
Jewellery
 e - an amulet of magic regeneration (around neck)
   (You found it on level 1 of the Dungeon)
 z - a ring of see invisible (left hand)
   (You found it on level 2 of the Dungeon)
Scrolls
 d - 2 scrolls of blinking
 f - a scroll of immolation {!r}
 i - 3 scrolls of teleportation {@r4}
 l - a scroll of identify {unknown}
 m - a scroll of remove curse {unknown}
Potions
 j - a potion of might {unknown}
 n - a potion of heal wounds {unknown}
 o - a potion of haste {@q3}


   Skills:
 + Level 4.8 Fighting
 + Level 1.4 Short Blades
 + Level 4.8 Long Blades
 + Level 1.4 Axes
 + Level 1.4 Maces & Flails
 + Level 1.4 Polearms
 + Level 1.4 Staves
 + Level 1.4 Slings
 + Level 1.4 Bows
 + Level 1.4 Crossbows
 + Level 3.0 Throwing
 + Level 3.0 Armour
 + Level 4.8 Dodging
 + Level 1.4 Stealth
 + Level 1.4 Shields
 + Level 1.4 Unarmed Combat
 + Level 5.2 Spellcasting
 + Level 1.1 Conjurations
 + Level 1.1 Hexes
 + Level 1.1 Summonings
 + Level 1.1 Necromancy
 + Level 5.5 Translocations
 + Level 1.1 Transmutations
 + Level 1.1 Fire Magic
 + Level 1.1 Ice Magic
 + Level 1.1 Air Magic
 + Level 1.1 Earth Magic
 + Level 1.1 Poison Magic
 + Level 1.6 Invocations
 + Level 1.4 Evocations


You had 14 spell levels left.
You didn't know any spells.
Your spell library contained the following spells:

 Spells                   Type           Power        Failure   Level
 Blink                    Tloc           N/A          10%         2
 Gell's Gravitas          Tloc           ###.......   21%         3
 Lesser Beckoning         Tloc           ###.......   21%         3
 Teleport Other           Tloc           ###.....     21%         3
 Passage of Golubria      Tloc           N/A          54%         4


Dungeon Overview and Level Annotations

Branches:
Dungeon (3/15)

Altars:
Dithmenos
Nemelex Xobeh
Zin

Annotations:
D:3 Grinder


Innate Abilities, Weirdness & Mutations

Your experience applies equally to all skills.
You have very sharp teeth.
Your uncanny sense of smell can sniff out nearby items.
You have large cloven feet.


Message History

You kill the leopard gecko!
No target in view!
No target in view!
You see here a leopard gecko corpse.
Grinder comes into view.
Grinder shouts!
Grinder gestures at you.
You suddenly lose the ability to move!
Grinder hits you but does no damage.
You can move again.
You hit Grinder. Your bite misses Grinder. Grinder hits you.
You writhe in agony.
Unknown command.
You closely miss Grinder.
Grinder says, "Mostly I couldn't keep them alive."
Grinder blinks!
Unknown command.
Grinder blinks!
No target in view!
No target in view!
Unknown command.
Grinder is nearby!
Unknown command.
Okay, then.
Okay, then.
You closely miss Grinder. You kick Grinder. Grinder completely misses you.
You hit Grinder. You kick Grinder, but do no damage. Grinder hits you!
You writhe in agony.
* * * LOW HITPOINT WARNING * * *
You closely miss Grinder. Grinder hits you.
* * * LOW HITPOINT WARNING * * *
You writhe in agony.
* * * LOW HITPOINT WARNING * * *
You slash Grinder! Your kick misses Grinder.
Grinder blinks!
You see here a leopard gecko corpse.
Grinder gestures at you.
You suddenly lose the ability to move!
Grinder gestures at you. You resist with significant effort.
Grinder gestures at you.
You shrug off the repeated paralysis!
You can move again.
Grinder blinks!
Grinder hits you but does no damage.
There is a stone staircase leading down here.
You hit Grinder. Your kick misses Grinder. Grinder hits you!
* * * LOW HITPOINT WARNING * * *
You writhe in agony.
You die...
Your body disappears without a glow.

..##### #.##.....## ###
##.##......# ..##
#..##......# #..#
##.###.....##
##.##########..###.....####
#.#.≈≈8≈≈.#..........##..#
#.#..≈≈≈.......#.....##..##
#)#............5....##....#
#.#.#.[..#.....@....##....##
##.>.#...##.......#..#......#
........###.......#..#†.##..#
...###..# ##......#...†##
.... .#.##...###.......#...##
...# ...##...##........###..#
### ...##..###........# ##...
.......###.#......# ####
...#.......##...#.#


You could see Grinder.

Vanquished Creatures
  Terence (D:3)
  An orc wizard (D:2)
  3 adders (D:2)
  3 worms
  A dart slug (D:3)
  2 leopard geckos
  3 orcs (D:2)
  A ball python (D:2)
  8 bats
  A giant cockroach (D:2)
  6 goblins
  5 hobgoblins
  7 jackals
  8 kobolds
  2 quokkas (D:3)
  3 frilled lizards
  6 rats
61 creatures vanquished.

Notes
Turn   | Place    | Note
-------+----------+-------------------------------------------
     0 | D:1      | Apogee the Gnoll Warper began the quest for the Orb.
     0 | D:1      | Reached XP level 1. HP: 20/20 MP: 6/6
   397 | D:1      | Reached XP level 2. HP: 25/26 MP: 7/7
   814 | D:2      | Reached XP level 3. HP: 29/31 MP: 9/9
   877 | D:2      | Reached skill level 5 in Spellcasting
  1152 | D:2      | Reached skill level 1 in Invocations
  1333 | D:2      | Found a shadowy altar of Dithmenos.
  1464 | D:2      | Reached skill level 1 in Short Blades
  1464 | D:2      | Reached skill level 1 in Axes
  1464 | D:2      | Reached skill level 1 in Maces & Flails
  1464 | D:2      | Reached skill level 1 in Polearms
  1464 | D:2      | Reached skill level 1 in Staves
  1464 | D:2      | Reached skill level 1 in Slings
  1464 | D:2      | Reached skill level 1 in Bows
  1464 | D:2      | Reached skill level 1 in Crossbows
  1464 | D:2      | Reached skill level 1 in Stealth
  1464 | D:2      | Reached skill level 1 in Shields
  1464 | D:2      | Reached skill level 1 in Unarmed Combat
  1464 | D:2      | Reached skill level 1 in Evocations
  1488 | D:2      | Reached XP level 4. HP: 21/38 MP: 11/11
  1672 | D:2      | Reached skill level 1 in Conjurations
  1672 | D:2      | Reached skill level 1 in Hexes
  1672 | D:2      | Reached skill level 1 in Summonings
  1672 | D:2      | Reached skill level 1 in Necromancy
  1672 | D:2      | Reached skill level 1 in Transmutations
  1672 | D:2      | Reached skill level 1 in Fire Magic
  1672 | D:2      | Reached skill level 1 in Ice Magic
  1672 | D:2      | Reached skill level 1 in Air Magic
  1672 | D:2      | Reached skill level 1 in Earth Magic
  1672 | D:2      | Reached skill level 1 in Poison Magic
  1810 | D:2      | Gained mutation: You possess an exceptional clarity of
                  | mind. [potion of mutation]
  1810 | D:2      | Lost mutation: You possess an exceptional clarity of mind.
                  | [potion of mutation]
  1810 | D:2      | Gained mutation: You have large cloven feet. [potion of
                  | mutation]
  2411 | D:3      | Found a glowing silver altar of Zin.
  2482 | D:3      | Found a sparkling altar of Nemelex Xobeh.
  2508 | D:3      | Became a worshipper of Nemelex Xobeh the Trickster
  2693 | D:3      | Reached XP level 5. HP: 30/43 MP: 12/12
  2850 | D:3      | Noticed Terence
  2864 | D:3      | Killed Terence
  3033 | D:3      | Noticed an ogre
  3545 | D:3      | Noticed Grinder
  3546 | D:3      | Paralysed by Grinder for 2 turns
  3564 | D:3      | Paralysed by Grinder for 4 turns
  3570 | D:3      | Slain by Grinder

Illustrated notes

Levels and vault maps discovered:
D:1:      minmay_arrival_hallway, layout_basic
D:2:      layout_loops_corners, old_standard_altar
D:3:      layout_rooms, grunt_temple_overflow_open, moated_statue,
          minmay_misc_feat_x, uniq_terence, uniq_grinder,
          uniq_crazy_yiuf_cottage

Skill      XL: |  1  2  3  4  5 |
---------------+----------------+-----
Spellcasting   | 5 |  5.2
Invocations    | 1 |  1.6
Short Blades   | 1 |  1.4
Axes           | 1 |  1.4
Maces & Flails | 1 |  1.4
Polearms       | 1 |  1.4
Staves         | 1 |  1.4
Slings         | 1 |  1.4
Bows           | 1 |  1.4
Crossbows      | 1 |  1.4
Stealth        | 1 |  1.4
Shields        | 1 |  1.4
Unarmed Combat | 1 |  1.4
Evocations     | 1 |  1.4
Conjurations   | 1 |  1.1
Hexes          | 1 |  1.1
Summonings     | 1 |  1.1
Necromancy     | 1 |  1.1
Transmutations | 1 |  1.1
Fire Magic     | 1 |  1.1
Ice Magic      | 1 |  1.1
Air Magic      | 1 |  1.1
Earth Magic    | 1 |  1.1
Poison Magic   | 1 |  1.1
Throwing       | 3 |  3.0
Armour         | 3 |  3.0
Fighting       | |  4.8
Long Blades    | |  4.8
Dodging        | |  4.8
Translocations | |  5.5

Action                   |  1- 3 |  4- 6 || total
-------------------------+-------+-------++-------
Melee: Falchion          |   100 |   112 ||   212
       Bite              |     9 |    13 ||    22
       Kick              |       |    31 ||    31
  Use: Potion            |       |     2 ||     2
       Scroll            |       |     5 ||     5
Armor: Scale mail        |    34 |    23 ||    57
Dodge: Dodged            |    66 |    48 ||   114
       Rpst.: Falchion   |    24 |     9 ||    33

Table legend: (Time is in decaauts)
 A = Elapsed time spent in this place.
 B = Non-inter-level travel time spent in this place.
 C = Inter-level travel time spent in this place.
 D = Time resting spent in this place.
 E = Time spent auto-exploring this place.
 F = Levels seen in this place.
 G = Mean time per level.
                   A        B        C        D        E       F      G
               +--------+--------+--------+--------+--------+-----+--------+
         Total |   3567 |   3452 |    115 |    854 |   2102 |   3 | 1189.0 |
       Dungeon |   3567 |   3452 |    115 |    854 |   2102 |   3 | 1189.0 |
               +--------+--------+--------+--------+--------+-----+--------+

Top non-repeatable levels by time:
     D:2: 1914 daAuts
     D:3: 925 daAuts
     D:1: 727 daAuts
